 Seeded DCSS version 0.29.1-15-g9cfb28693d (webtiles) character file.

Game seed: 13153279757065922515 (custom seed)

14496 Psyclone the Eclecticist (level 11, -4/68 HPs)
             Began as a Deep Elf Conjurer on Sept 22, 2023.
             Was an Initiate of Ashenzari.
             Killed by an exploding fulminant prism (29 damage)
             ... in an ice cave on Sept 23, 2023.
             The game lasted 00:56:52 (14850 turns).

Psyclone the Eclecticist (Deep Elf Conjurer)       Turns: 14850, Time: 00:56:52

Health: -4/68      AC:  6    Str:  4    XL:     11   Next: 89%
Magic:  3/32       EV: 15    Int: 31    God:    Ashenzari [......]
Gold:   320        SH:  0    Dex: 13    Spells: 26/40 levels left

rFire   . . .      SeeInvis .   a - staff of conjuration
rCold   + + +      Faith    .   (no shield)
rNeg    . . .      Spirit   .   S - +2 robe {rC+}
rPois   +          Reflect  .   L - +0 helmet
rElec   .          Harm     .   K - +0 cloak
rCorr   .          Rampage  .   (no gloves)
Will    +....                   (no boots)
Stlth   +++.......              (no amulet)
HPRegen 0.21/turn               R - ring of ice
MPRegen 0.23/turn               C - ring "Fiogrudo" {rPois rF+ rC+ Int+3 Stlth+}

@: no status effects
A: no striking features
a: Renounce Religion, Curse Item


You were in an ice cave.
You worshipped Ashenzari.
Ashenzari was noncommittal.
You visited 3 branches of the dungeon, and saw 13 of its levels.
You also visited: Bailey and Ice Cave.

You collected 868 gold pieces.
You spent 548 gold pieces at shops.

Inventory:

Hand Weapons
 V - the +7 spear "Runkoiff" {venom, *Slow Fly Will+++ SInv}
   (You found it in an ice cave)

   It poisons the flesh of those it strikes.
   SInv:      It lets you see invisible.
   Fly:       It grants you flight.
   *Slow:     It may slow you when you take damage.
   Will:      It greatly increases your willpower.
Missiles
 J - 3 throwing nets {!f}
Armour
 o - a +2 robe of fire resistance
 K - a +0 cloak (worn)
 L - a +0 helmet (worn)
 S - a +2 robe of cold resistance (worn)
Magical Staves
 a - a staff of conjuration (weapon)
Jewellery
 j - the ring of the Mage {Wiz Archmagi}
   (You bought it in a shop on level 5 of the Dungeon)

   [ring of wizardry]

   It improves your spell success rate.
   Archmagi:  It increases the power of your magical spells.
 k - a +4 ring of evasion
 t - a ring of resist corrosion
 C - the ring "Fiogrudo" (right hand) {rPois rF+ rC+ Int+3 Stlth+}
   (You found it in a bailey)

   [ring of poison resistance]

   Int:       It affects your intelligence (+3).
   rF:        It protects you from fire.
   rC:        It protects you from cold.
   rPois:     It protects you from poison.
   Stlth:     It makes you more stealthy.
 M - an amulet of the acrobat
 R - a ring of ice (left hand)
Wands
 q - a wand of flame (23)
 w - a wand of light (14)
 z - a wand of digging (7)
 B - a wand of iceblast (32)
 H - a wand of polymorph (6)
 Q - a wand of paralysis (4)
Scrolls
 d - 4 scrolls of vulnerability {unknown}
 e - 8 scrolls of identify {@r1}
 h - 2 scrolls of amnesia {unknown}
 i - 4 scrolls of magic mapping
 l - 2 scrolls of enchant armour {unknown}
 m - a scroll of immolation {unknown}
 n - 6 scrolls of teleportation
 u - 3 scrolls of torment {unknown}
 x - 3 scrolls of butterflies {unknown}
 y - 2 scrolls of blinking {unknown}
 F - a scroll of brand weapon
 G - a scroll of poison
 I - 4 scrolls of noise
 N - a scroll of enchant weapon
 O - a scroll of fear
 T - a scroll of silence {!r}
Potions
 b - 3 potions of magic
 c - 6 potions of invisibility {unknown}
 f - 3 potions of mutation {unknown}
 g - 3 potions of haste {unknown}
 p - 3 potions of brilliance {unknown}
 r - 4 potions of curing {unknown}
 s - 2 potions of lignification {unknown}
 v - a potion of degeneration {unknown}
 D - 6 potions of flight {unknown}
 E - 2 potions of cancellation {unknown}
 P - a potion of attraction
 U - a potion of ambrosia


   Skills:
 - Level 8.0 Fighting
 - Level 8.0 Dodging
 - Level 2.4 Stealth
 - Level 15.0 Spellcasting
 + Level 11.8 Conjurations
 - Level 4.0 Air Magic


You had 26 spell levels left.
You knew the following spells:

 Your Spells              Type           Power      Damage    Failure   Level
a - Magic Dart            Conj           100%       1d8       0%          1
b - Searing Ray           Conj           100%       2d8       1%          2
d - Fulminant Prism       Conj/Hex       37%        3d18      1%          4
e - Iskenderun's Mystic   Conj/Tloc      74%        2d15      1%          4
r - Swiftness             Air            48%        N/A       1%          3

Your spell library contained the following spells:

 Spells                   Type           Power      Damage    Failure   Level
 Apportation              Tloc           46%        N/A       1%          1
 Necrotise                Necr           92%        1d8       1%          1
 Summon Small Mammal      Summ           92%        N/A       1%          1
 Dazzling Flash           Conj/Hex       100%       N/A       1%          3
 Mephitic Cloud           Conj/Pois/Air  71%        N/A       1%          3
 Call Imp                 Summ           23%        N/A       3%          2
 Ensorcelled Hibernation  Hex/Ice        68%        N/A       3%          2
 Passwall                 Tmut/Erth      19%        N/A       3%          2
 Call Canine Familiar     Summ           23%        N/A       6%          3
 Summon Guardian Golem    Hex/Summ       23%        N/A       6%          3
 Tukima's Dance           Hex            23%        N/A       6%          3
 Passage of Golubria      Tloc           23%        N/A       19%         4
 Yara's Violent Unravell  Hex/Tmut       11%        3d6       47%         5


Dungeon Overview and Level Annotations

Branches:
Dungeon (11/15) Zot: 25173  Temple (1/1) D:4 Zot: 5964    Lair (1/5) D:8 Zot: 5953
 Bailey (visited)           IceCv (1/1) Zot: 5809
    Orc: D:9-12

Altars:
Ashenzari
Cheibriados
Dithmenos
Elyvilon
Fedhas
Gozag
Hepliaklqana
Kikubaaqudgha
Makhleb
Nemelex Xobeh
Okawaru
Qazlal
Ru
Sif Muna
Trog
Uskayaw
Vehumet
Wu Jian
Xom
Yredelemnul
Zin
The Shining One

Shops:
D:2 (   D:5 =   D:9 [   D:10 (*

Portals:
Trove: D:10 (show slimy rune of Zot)

Annotations:
D:5 2 transporters, monsoonserge's ghost, novice PaFi IceCv 1 transporter, exclusion: ice statue


Message History

The ice statue is heavily damaged.
The blast of energy engulfs the white ugly thing!!
The white ugly thing is almost dead.
The blast of energy engulfs the ice beast!!!
You kill the ice beast!
The ice beast disappears in a puff of smoke!
The ice beast closely misses you.
You take 11 damage, and have 27/68 hp.
You now have 6/32 mp.
Casting: Fulminant Prism (dangerous; 1% risk of failure)
Confirm with . or Enter, or press ? or * to list all spells.
Aiming: Fulminant Prism (dangerous; 1% risk of failure)
Press: ? - help, Dir - move target You feel a surge of power!
You conjure a prism of explosive energy!
A fulminant prism comes into view.
The white ugly thing closely misses you.
The ice beast hits you but does no damage.
Your fulminant prism crackles loudly.
You now have 2/32 mp.
You hit the white ugly thing.
You blast the white ugly thing!
The white ugly thing is almost dead.
The white ugly thing headbutts you but does no damage.
The ice beast hits you. The ice beast freezes you. You resist.
Your fulminant prism crackles loudly.
The ice beast hits you but does no damage.
Your fulminant prism explodes!
The blast of energy engulfs the ice statue!!
You destroy the ice statue!
The ice beast disappears in a puff of smoke!
The blast of energy engulfs the white ugly thing!!!
You kill the white ugly thing!
You take 3 damage, and have 24/68 hp.
The ice beast misses you.
Your fulminant prism explodes!
The blast of energy engulfs the ice statue!
The ice statue is severely damaged.
The blast of energy engulfs the ice beast!
The ice beast is moderately wounded.
The blast of energy engulfs you!!
You die...

###############
#©....)?[.8..∩#
#.....!):.....#
#8.......Y.8#
#8..§@...8#
##8..Y..8##
###########
##...8©8...##
#.....©.....#
##...........##
#.............#
#....8...8....#
#.............#


You could see an ice statue and 2 ice beasts.

Vanquished Creatures
  Fannar (D:11)
  A two-headed ogre (D:9)
  An orc knight (Bailey)
  3 ugly things
  2 manticores
  An ice statue (IceCv)
  An unseen horror (D:10)
  Psyche (D:11)
  A troll (D:11)
  A hornet (D:9)
  2 shadows
  19 yaks
  3 wyverns
  A wraith (D:9)
  2 basilisks (D:8)
  Grum (D:11)
  An acid dragon (D:9)
  A water moccasin (D:4)
  A hornet zombie (D:8)
  5 orc warriors
  2 ice beasts
  A sky beast (D:7)
  An ogre (D:5)
  2 black bears
  3 centaurs
  6 wolves
  4 phantoms
  6 kobold brigands (Bailey)
  5 bullfrogs
  2 wyvern zombies (D:8)
  2 necrophages (D:4)
  2 gnoll sergeants (D:11)
  3 scorpions
  11 wights
  A cane toad simulacrum (IceCv)
  An elephant simulacrum (IceCv)
  6 howler monkeys
  3 centaur zombies (D:8)
  3 hounds
  7 orc priests
  2 jellies
  Crazy Yiuf (D:6)
  3 iguanas
  8 orc wizards
  2 wolf simulacra (IceCv)
  2 killer bee zombies (D:8)
  A howler monkey zombie (D:8)
  15 gnolls
  9 adders
  A white imp (D:6)
  An ufetubus (D:5)
  A worm (D:2)
  2 dart slugs
  25 orcs
  8 endoplasms
  7 giant cockroaches
  17 goblins
  10 hobgoblins
  9 jackals
  9 kobolds
  2 quokkas (D:2)
  5 ball pythons
  7 bats
  4 frilled lizards
  10 rats
281 creatures vanquished.

Vanquished Creatures (others)
  113 fulminant prisms
113 creatures vanquished.

Grand Total: 394 creatures vanquished

Notes
Turn   | Place    | Note
-------+----------+-------------------------------------------
     0 | D:1      | Psyclone the Deep Elf Conjurer began the quest for the Orb.
     0 | D:1      | Reached XP level 1. HP: 10/10 MP: 6/6
   169 | D:1      | Found a faded altar of an unknown god.
   179 | D:1      | Reached XP level 2. HP: 15/15 MP: 2/8
   486 | D:1      | Reached skill level 4 in Spellcasting
   490 | D:1      | Reached XP level 3. HP: 19/19 MP: 3/10
   492 | D:1      | Reached skill level 5 in Conjurations
  1078 | D:2      | Found Aliloud's Weapon Emporium.
  1112 | D:2      | Found a stormy altar of Qazlal.
  1420 | D:2      | Reached XP level 4. HP: 13/24 MP: 8/12
  1576 | D:2      | Learned a level 2 spell: Searing Ray
  1581 | D:2      | Learned a level 4 spell: Fulminant Prism
  2010 | D:2      | Reached skill level 5 in Spellcasting
  3071 | D:3      | Found a shadowy altar of Dithmenos.
  3155 | D:3      | Reached XP level 5. HP: 28/28 MP: 9/14
  3547 | D:4      | Reached skill level 6 in Spellcasting
  3617 | D:4      | Reached XP level 6. HP: 18/32 MP: 7/17
  4032 | D:4      | Found a staircase to the Ecumenical Temple.
  4032 | D:4      | Noticed a water moccasin
  4035 | D:4      | Killed a water moccasin
  4036 | D:4      | Reached skill level 7 in Spellcasting
  4051 | Temple   | Entered the Ecumenical Temple
  4543 | D:5      | Entered Level 5 of the Dungeon
  4543 | D:5      | Found Gosaorgh's Jewellery Emporium.
  4556 | D:5      | Found a transporter.
  4593 | D:5      | Found a radiant altar of Vehumet.
  4614 | D:5      | Reached XP level 7. HP: 31/36 MP: 14/20
  4639 | D:5      | Found a transporter.
  4641 | D:5      | Noticed monsoonserge's ghost (novice PaFi)
  4792 | D:5      | Found a broken altar of Ashenzari.
  4803 | D:5      | Became a worshipper of Ashenzari the Shackled
  4817 | D:5      | Reached skill level 8 in Spellcasting
  5172 | D:5      | Reached skill level 9 in Spellcasting
  5338 | D:5      | Reached XP level 8. HP: 41/41 MP: 18/23
  5625 | D:5      | Learned a level 3 spell: Swiftness
  6585 | D:6      | Reached skill level 1 in Fighting
  7011 | D:6      | Found an iron altar of Okawaru.
  7065 | D:6      | Found a runed translucent door.
  7066 | D:6      | Noticed Crazy Yiuf
  7094 | D:6      | Found a shimmering blue altar of Sif Muna.
  7139 | D:6      | Killed Crazy Yiuf
  7581 | D:7      | Reached XP level 9. HP: 49/49 MP: 14/24
  7718 | D:7      | Reached skill level 10 in Spellcasting
  8142 | D:7      | Reached skill level 5 in Dodging
  8343 | D:7      | Found a blossoming altar of Fedhas.
  8356 | D:7      | Found a burning altar of Makhleb.
  8618 | D:8      | Reached skill level 5 in Fighting
  8931 | D:8      | Reached skill level 10 in Conjurations
  9384 | D:8      | Found a stormy altar of Qazlal.
  9398 | D:8      | Reached XP level 10. HP: 39/60 MP: 18/26
  9505 | D:8      | Found a staircase to the Lair.
  9551 | D:8      | Identified the +13 plate armour of Generosity {rElec rC+
                  | Str+4 Dex-4 Stlth+}
  9716 | D:8      | Found a basalt altar of Yredelemnul.
  9971 | D:9      | Noticed a two-headed ogre
 10061 | D:9      | Killed a two-headed ogre
 11042 | D:9      | Identified the +6 scale mail "Erchezy" {Str+4}
 11110 | D:9      | Found a glowing golden altar of the Shining One.
 11112 | D:9      | Found Xuabaa's Armour Emporium.
 11256 | D:5      | Bought the ring of the Mage {Wiz Archmagi} for 510 gold
                  | pieces
 11256 | D:5      | Found the ring of the Mage {Wiz Archmagi}
 11418 | D:10     | Entered Level 10 of the Dungeon
 11418 | D:10     | Noticed a manticore
 11418 | D:10     | Found Oxtir's Weapon Shoppe.
 11442 | D:10     | Noticed a +0 hand axe
 11442 | D:10     | Noticed a +0 hand axe
 11470 | D:10     | Reached skill level 11 in Spellcasting
 11768 | D:10     | Found a flagged portal.
 11786 | Bailey   | Entered a bailey
 11824 | Bailey   | Reached XP level 11. HP: 58/68 MP: 7/28
 11884 | Bailey   | Noticed an orc knight
 11890 | Bailey   | Reached skill level 12 in Spellcasting
 11912 | Bailey   | Killed an orc knight
 11924 | Bailey   | Found a bloodstained altar of Trog.
 11932 | Bailey   | Identified the ring "Fiogrudo" {rPois rF+ rC+ Int+3 Stlth+}
 12021 | D:10     | Reached skill level 13 in Spellcasting
 12036 | D:10     | Found Ajotteu's Assorted Antiques.
 12048 | D:10     | Bought a lumpy orange potion for 19 gold pieces
 12048 | D:10     | Bought a smoky golden potion for 19 gold pieces
 12340 | D:10     | Found a hide-covered altar of Uskayaw.
 12679 | D:10     | Found an opulent altar of Gozag.
 12679 | D:10     | Found a faded altar of an unknown god.
 12684 | D:10     | Found an ornate altar of the Wu Jian Council.
 12686 | D:10     | Found a faded altar of an unknown god.
 12687 | D:10     | Found a bloodstained altar of Trog.
 12737 | D:10     | Found a portal to a secret trove of treasure.
 12793 | D:11     | Noticed Grum
 12797 | D:11     | Killed Grum
 12881 | D:11     | Noticed Fannar
 12902 | D:11     | Killed Fannar
 12903 | D:11     | Reached skill level 14 in Spellcasting
 13103 | D:11     | Noticed Psyche
 13144 | D:11     | Killed Psyche
 13389 | D:11     | Reached skill level 15 in Spellcasting
 14021 | D:11     | Noticed a cyan ugly thing
 14037 | D:11     | Killed a cyan ugly thing
 14184 | D:11     | Found a hazy altar of Hepliaklqana.
 14261 | Lair:1   | Entered Level 1 of the Lair of Beasts
 14261 | Lair:1   | Found a frozen archway.
 14658 | Lair:1   | Learned a level 4 spell: Iskenderun's Mystic Blast
 14659 | IceCv    | Entered an ice cave
 14659 | IceCv    | Noticed a white ugly thing
 14666 | IceCv    | Killed a white ugly thing
 14794 | IceCv    | Found a transporter.
 14796 | IceCv    | Noticed a white ugly thing
 14808 | IceCv    | Found a transporter.
 14811 | IceCv    | Identified the +7 spear "Runkoiff" {venom, *Slow Fly
                  | Will+++ SInv}
 14849 | IceCv    | Killed a white ugly thing
 14850 | IceCv    | Killed by an exploding fulminant prism

Illustrated notes

Levels and vault maps discovered:
D:1:      amcnicky_arrival_gap_in_the_tavern_cellar, layout_loops_ring,
          hellmonk_ecumenical_altar_crossroads
D:2:      minmay_thinvault, layout_loops_ring, serial_shops,
          nicolae_shop_bloodbath_and_beyond, basic_altar, minivault_14,
          minivault_23
D:3:      layout_basic, nicolae_dithmenos_the_darkroom
D:4:      layout_loops_ring, temple_green, corner_web_ring, corexii_checkpoint_a
D:5:      layout_basic, mainiacjoe_overflow_surrounded_room,
          nicolae_vehumet_altar_sigil, gammafunk_ghost_hive, serial_shops, shop
D:6:      layout_cave_pools, lemuel_coloured_pillars_altar, marbit_many_paths,
          uniq_crazy_yiuf_cottage
D:7:      layout_basic, mainiacjoe_overflow_small_starburst, bloody_makhleb,
          minmay_misc_feat_hallway
D:8:      layout_rooms, nicolae_qazlal_style_of_elements,
          nicolae_yredelemnul_corpse_copse, david_lair_generic
D:9:      layout_rooms, overflow_temple_1_default, serial_shops,
          nicolae_shop_hallway_plus
D:10:     layout_cave_pools, dancing_weapons_uskayaw,
          chequers_temple_overflow_minitemple, serial_shops,
          nicolae_square_shop, shop, nicolae_trove_entry_columns, enter_bailey_5
D:11:     layout_roguey, worldfamousw_hep_ancestral_shrine, uniq_fannar,
          uniq_grum, uniq_psyche
Temple:   hellmonk_temple_two_chambers
Lair:1:   layout_hall_layers, portal_ice_cave_entry_pillars_2
IceCv:    ice_cave_statue_garden_transporter

Skill      XL: |  1  2  3  4  5  6  7  8  9 10 11 |
---------------+----------------------------------+-----
Spellcasting   | 4 5 6 7 9 10 11 15 | 15.0
Conjurations   | 5 6 7 8 9 10 11 | 11.8
Air Magic      | 4 |  4.0
Fighting       | 2 5 8 |  8.0
Dodging        | 3 6 8 |  8.0
Stealth        | |  2.4

Action                   |  1- 3 |  4- 6 |  7- 9 | 10-12 || total
-------------------------+-------+-------+-------+-------++-------
Melee: Staff             |       |       |     9 |     7 ||    16
       Punch             |       |       |     1 |       ||     1
 Cast: Magic Dart        |    68 |   117 |    90 |    22 ||   297
       Searing Ray       |       |    11 |    56 |    33 ||   100
       Fulminant Prism   |       |       |    26 |    87 ||   113
       Swiftness         |       |       |     1 |       ||     1
Evoke: Wand              |       |       |       |     2 ||     2
  Use: Scroll            |       |       |       |     9 ||     9
       Potion            |       |       |       |     3 ||     3
Armor: Robe              |       |     1 |     8 |    33 ||    42
Dodge: Dodged            |     4 |     6 |    61 |   135 ||   206
